 Dungeon Crawl Stone Soup version 0.30-a0-243-gaa749bd8e4 (webtiles) character file.

Game seed: 15143046840054419283

245 BritishOli the Trooper (level 5, -3/45 HPs)
             Began as a Demonspawn Fighter on Oct 12, 2022.
             Slain by an ogre
             ... wielding a +0 giant club
              (27 damage)
             ... on level 4 of the Dungeon.
             The game lasted 00:03:22 (3469 turns).

BritishOli the Trooper (Demonspawn Fighter)         Turns: 3469, Time: 00:03:22

Health: -3/45      AC: 10    Str: 18    XL:     5   Next: 83%
Magic:  5/5        EV:  9    Int: 10    God:
Gold:   278        SH:  0    Dex: 12    Spells: 4/4 levels left

rFire   . . .      SeeInvis .    h - +2 battleaxe (elec)
rCold   . . .      Faith    .    (shield currently unavailable)
rNeg    . . .      Spirit   .    b - +0 scale mail
rPois   .          Reflect  .    y - +0 helmet
rElec   .          Harm     .    (no cloak)
rCorr   .          Rampage  .    (no gloves)
Will    .....                    (no boots)
Stlth   ..........               (no amulet)
HPRegen 0.27/turn                (no ring)
MPRegen 0.18/turn                (no ring)

@: no status effects
A: rugged brown scales 2, magic regeneration
a: no special abilities


You were on level 4 of the Dungeon.
You visited 1 branch of the dungeon, and saw 4 of its levels.
You also visited: Ossuary.

You collected 278 gold pieces.

Inventory:

Hand Weapons
 a - a +0 long sword
 h - a +2 battleaxe of electrocution (weapon)
Armour
 b - a +0 scale mail (worn)
 c - a +0 buckler
 y - a +0 helmet (worn)
Jewellery
 e - a ring of wizardry
 o - a ring of wizardry
 w - an amulet of the acrobat
 A - a ring of protection from cold
Wands
 z - a wand of paralysis (15)
Scrolls
 g - a scroll of acquirement {unknown}
 i - 2 scrolls of immolation {unknown}
 k - a scroll of teleportation {unknown}
 m - a scroll of enchant armour {unknown}
 n - 4 scrolls of fear {unknown}
 r - 6 scrolls of identify {unknown}
 u - 2 scrolls of torment {unknown}
 v - 2 scrolls of blinking {unknown}
 C - 2 scrolls of fog {unknown}
 D - 2 scrolls of enchant weapon {unknown}
 H - a scroll of vulnerability {unknown}
 I - a scroll of silence {unknown}
Potions
 d - 2 potions of might
 f - a potion of mutation {unknown}
 j - a potion of invisibility {unknown}
 l - a potion of ambrosia {unknown}
 p - a potion of flight {unknown}
 q - 3 potions of lignification {unknown}
 s - 13 potions of degeneration
 t - 2 potions of curing {unknown}
 x - a potion of resistance {unknown}
 B - a potion of attraction {unknown}
 E - 2 potions of cancellation {unknown}
 F - a potion of heal wounds {unknown}
 G - a potion of haste {unknown}


   Skills:
 + Level 4.4 Fighting
 - Level 2.0 Long Blades
 + Level 2.5 Axes
 + Level 4.0 Armour
 - Level 2.9 Shields


You had 4 spell levels left.
You didn't know any spells.
Your spell library contained the following spells:

 Spells                   Type           Power      Damage    Failure   Level
 Sandblast                Erth           0%         2d4       75%         1
 Ensorcelled Hibernation  Hex/Ice        0%         N/A       86%         2
 Passwall                 Tmut/Erth      0%         N/A       86%         2
 Kindle Blastsparks       Fire/Tloc/Air  0%         2d10      98%         3
 Stone Arrow              Conj/Erth      0%         3d7       98%         3
 Swiftness                Air            0%         N/A       98%         3
 Sticky Flame             Conj/Fire      0%         2d3       100%        4
 Starburst                Conj/Fire      0%         6d3       100%        6


Dungeon Overview and Level Annotations

Branches:
Dungeon (4/15)            Ossuary (visited)
 Temple: D:4-7

Altars:
Gozag


Innate Abilities, Weirdness & Mutations

You are mostly covered in rugged brown scales. (AC +2, +5% HP)
You regenerate magic rapidly.


Message History

A ball python is nearby!
A ball python is nearby!
A ball python is nearby!
The ball python bites you but does no damage.
The ball python misses you.
A ball python is nearby!
You closely miss the ball python. The ball python closely misses you.
The ball python grabs you. The ball python constricts you.
The ball python completely misses you. The ball python constricts you.
A ball python is nearby!
You slice the ball python!!
You kill the ball python!
You see here a +0 leather armour.
Found a stone staircase leading down.
No target in view!
No target in view!
An ogre comes into view. It is wielding a +0 giant club.
The ogre shouts!
An ogre is nearby!
Found a smoky brown potion.
An ogre is nearby!
You completely miss the ogre. The ogre closely misses you.
The ogre hits you with a +0 giant club!!
Ouch! That really hurt!
An ogre is nearby!
You are too injured to fight recklessly!
You are too injured to fight recklessly!
You are too injured to fight recklessly!
You are too injured to fight recklessly!
You barely miss the ogre. The ogre closely misses you.
You completely miss the ogre. The ogre closely misses you.
You closely miss the ogre. The ogre closely misses you.
You slash the ogre!
The ogre is heavily wounded.
The ogre barely misses you.
You slash the ogre!
The ogre is almost dead.
The ogre hits you with a +0 giant club!!
Ouch! That really hurt!
You die...

#............#...###
###.##.###...##.## #
#.##.# #...# .# .#
##.##.###...# .## #.#
#...........# ..###...
##..#####....###.#......
....# #..........#....
###.# #.#...........#
#.#####.##.###@######
#...[......# #O#
#######.#### #.# #.# ...
#># #.. #.# #... #..
!..# ### #...


You could see an ogre.

Vanquished Creatures
  A human zombie (Ossuary)
  An orc wizard (D:4)
  5 mummies
  4 gnolls (D:2)
  2 worms
  4 dart slugs
  6 orcs
  6 ball pythons
  3 endoplasms
  3 giant cockroaches
  2 gnoll zombies (Ossuary)
  8 goblins
  5 hobgoblins
  2 jackals (D:4)
  A quokka (D:1)
  2 bats
  2 frilled lizards
  A goblin zombie (Ossuary)
  4 hobgoblin zombies
  5 kobolds
  2 kobold zombies (Ossuary)
  3 rats
72 creatures vanquished.

Notes
Turn   | Place    | Note
-------+----------+-------------------------------------------
     0 | D:1      | BritishOli the Demonspawn Fighter began the quest for the
                  | Orb.
     0 | D:1      | Reached XP level 1. HP: 18/18 MP: 1/1
   143 | D:1      | Gained mutation: You are partially covered in rugged brown
                  | scales. (AC +1, +3% HP) [demonic ancestry]
   143 | D:1      | Reached XP level 2. HP: 4/24 MP: 2/2
   884 | D:2      | Gained mutation: You are mostly covered in rugged brown
                  | scales. (AC +2, +5% HP) [demonic ancestry]
   884 | D:2      | Reached XP level 3. HP: 21/30 MP: 3/3
  1035 | D:2      | Reached skill level 1 in Axes
  1212 | D:2      | Reached XP level 4. HP: 15/38 MP: 4/4
  1377 | D:2      | Found a faded altar of an unknown god.
  2619 | D:3      | Found an opulent altar of Gozag.
  2977 | D:4      | Gained mutation: You regenerate magic rapidly. [demonic
                  | ancestry]
  2977 | D:4      | Reached XP level 5. HP: 39/44 MP: 5/5
  3109 | D:4      | Got the Spellbook of Embers
  3135 | D:4      | Found a sand-covered staircase.
  3145 | Ossuary  | Entered an ossuary
  3461 | D:4      | Noticed an ogre
  3469 | D:4      | Slain by an ogre

Illustrated notes

Levels and vault maps discovered:
D:1:      matt_arrival_grand_opening, layout_loops_ring
D:2:      layout_loops_ring, shapermc_ecumenical_altar_notcrosses
D:3:      layout_basic, tso_metal_star,
          nicolae_gozag_cash_rules_everything_around_me,
          minmay_misc_feat_enclosed, grunt_decor_junction
D:4:      layout_loops_ring, nicolae_ossuary_entry_giza

Skill      XL: |  1  2  3  4  5 |
---------------+----------------+-----
Long Blades    | 2 |  2.0
Armour         | 3 4 |  4.0
Axes           | 1 2 |  2.5
Fighting       | 4 |  4.4
Shields        | |  2.9

Action                   |  1- 3 |  4- 6 || total
-------------------------+-------+-------++-------
Melee: Long sword        |    32 |       ||    32
       Battleaxe         |    64 |    92 ||   156
Armor: Scale mail        |    56 |    37 ||    93
Dodge: Dodged            |    54 |    43 ||    97
Block: Buckler           |     9 |       ||     9

Table legend: (Time is in decaauts)
 A = Elapsed time spent in this place.
 B = Non-inter-level travel time spent in this place.
 C = Inter-level travel time spent in this place.
 D = Time resting spent in this place.
 E = Time spent auto-exploring this place.
 F = Levels seen in this place.
 G = Mean time per level.
                   A        B        C        D        E       F      G
               +--------+--------+--------+--------+--------+-----+--------+
         Total |   3579 |   3454 |    125 |    298 |   2531 |   5 |  715.8 |
       Dungeon |   3360 |   3235 |    125 |    298 |   2386 |   4 |  840.0 |
       Ossuary |    219 |    219 |      0 |      0 |    145 |   1 |  219.0 |
               +--------+--------+--------+--------+--------+-----+--------+

Top non-repeatable levels by time:
     D:3: 1037 daAuts
     D:1: 993 daAuts
     D:2: 957 daAuts
     D:4: 371 daAuts
 Ossuary: 219 daAuts
